AoeStats
← gmcornejo

Arabia

507386304Analyzed
1v1 RM · 15d ago on Sep 18, 2026· 40m 9s· 2 players
Game mode
Random Map
Map size
Tiny (2 player)
Population
200
Speed
Normal
Resources
Standard
Victory
Conquest
Starting age
Dark Age
Ending age
Imperial Age
RankedLock teamsTeams togetherTeam positionsShared explorationLock speedFull tech treeHidden civsTurbo modeCheats
Victory
Defeat
🇦🇷 Lithuanians · Argentina
956
+16
🇺🇸 Khmer · United States
949
-46
Baal9133
10:53 Feudal Age
13:55 Loom
14:18 Double-Bit Axe
24:53 Castle Age
27:52 Bloodlines
27:09 Pikeman
28:08 Gold Mining
28:36 Forging
30:35 Wheelbarrow
30:52 Bow Saw
gmcornejo
6:56 Loom
9:28 Feudal Age
10:04 Double-Bit Axe
10:33 Horse Collar
15:43 Wheelbarrow
21:10 Castle Age
23:44 Forging
23:40 Scale Barding Armor
25:34 Bloodlines
29:13 Chain Barding Armor
30:08 Hand Cart
30:13 Heavy Plow
30:29 Bow Saw
31:57 Iron Casting
35:55 Imperial Age
39:39 Conscription
Connection lost

Rejoining the realm…

Still unreachable

The connection could not be restored.

Session expired

The server has moved on; the page needs a fresh start.